 Dungeon Crawl Stone Soup version 0.19-a0-36-g4a0968a (webtiles) character file.

59653 mrath the Basher (level 14, -2/190 HPs)
             Began as a Minotaur Fighter on May 4, 2016.
             Was a High Priest of Okawaru.
             Slain by an orc knight
             ... wielding a +0 dire flail
              (18 damage)
             ... on level 2 of the Orcish Mines.
             The game lasted 02:40:17 (26537 turns).

mrath the Basher (Minotaur Fighter)                Turns: 26537, Time: 02:40:17

Health: -2/190     AC: 27    Str: 31    XL:     14   Next: 54%
Magic:  0/18       EV: 14    Int:  5    God:    Okawaru [*****.]
Gold:   2183       SH: 14    Dex: 14    Spells: 0 memorised, 13 levels left

rFire  + . .     SeeInvis .     d - +2 morningstar (protect)
rCold  . . .     Gourm    .     X - +0 plate armour
rNeg   . . .     Faith    .     c - +0 shield
rPois  +         Spirit   +     B - +2 hat
rElec  .         Dismiss  .     s - +1 cloak of Spite {rF+}
rCorr  .         Reflect  .     (no gloves)
SustAt .         Harm     .     J - +0 pair of boots {Stlth+}
MR     ++...                    P - amulet of guardian spirit
Stlth  ..........               K - ring of protection from magic
                                H - ring "Oxkemma Meuph" {rPois Dex+4}

@: berserking, about to teleport, very quick, very resistant to hostile
enchantments, extremely unstealthy
A: retaliatory headbutt, horns 2
a: Heroism, Finesse, Renounce Religion


You were on level 2 of the Orcish Mines.
You worshipped Okawaru.
Okawaru was extremely pleased with you.
You were hungry.

You visited 4 branches of the dungeon, and saw 22 of its levels.
You also visited: Labyrinth.

You collected 2205 gold pieces.
You spent 22 gold pieces at shops.

Inventory:

Hand Weapons
 d - a +2 morningstar of protection (weapon)
 y - a +0 blowgun
 I - the +1 hunting sling "Liuwneumao" {freeze, MR- Str+2 Int+2 Dex+4}
   (You found it on level 4 of the Dungeon)

   It causes projectiles fired from it to freeze those they strike, causing
   extra injury to most foes and up to half again as much damage against
   particularly susceptible opponents.
   They can also slow down cold-blooded creatures.
   It affects your strength (+2).
   It affects your intelligence (+2).
   It affects your dexterity (+4).
   It affects your resistance to hostile enchantments.
Missiles
 p - 114 sling bullets
 z - 38 poisoned needles
 E - 9 javelins (quivered)
 U - 9 tomahawks
Armour
 c - a +0 shield (worn)
 s - the +1 cloak of Spite (worn) {rF+}
   (Okawaru gifted it to you on level 2 of the Orcish Mines)

   It protects you from fire.
 w - the +0 hat "Waeriuxy" {+Fly}
   (You found it on level 1 of the Orcish Mines)

   It lets you fly.
 B - a +2 hat (worn)
 J - a +0 pair of boots of stealth (worn)
 X - a +0 plate armour (worn)
Jewellery
 H - the ring "Oxkemma Meuph" (left hand) {rPois Dex+4}
   (You found it on level 8 of the Lair of Beasts)

   [ring of poison resistance]

   It affects your dexterity (+4).
   It protects you from poison.
 K - a ring of protection from magic (right hand)
 P - an amulet of guardian spirit (around neck)
Wands
 e - a wand of slowing (20/48)
 g - a wand of flame (21/48)
 i - a wand of flame (43/48)
 k - a wand of slowing (21/48)
 u - a wand of disintegration (14/24)
 G - a wand of teleportation (9/9)
 L - a wand of acid (12/15)
 N - a wand of iceblast (10/15)
 W - a wand of digging (8/24)
Scrolls
 h - 4 scrolls of teleportation
 m - 6 scrolls of remove curse
 r - 2 scrolls of identify
 D - 3 scrolls of fear
 Q - 2 scrolls of vulnerability
Potions
 a - 3 potions of berserk rage
 b - 5 potions of agility
 j - 6 potions of haste
 n - 2 potions of might
 x - a potion of resistance
 A - 3 potions of curing
 F - 3 potions of lignification
 Y - 9 potions of flight
Books
 q - a book of Minor Magic

   Spells                             Type                      Level
   a - Magic Dart                     Conjuration                  1
   b - Blink                          Translocation                2
   c - Call Imp                       Summoning                    2
   d - Repel Missiles                 Charms/Air                   2
   e - Slow                           Hexes                        2
   f - Conjure Flame                  Conjuration/Fire             3
   g - Mephitic Cloud                 Conjuration/Poison/Air       3
Miscellaneous
 M - a box of beasts
Comestibles
 f - a fruit
 l - 6 chunks of flesh
 o - 3 slices of pizza
 T - 2 beef jerkies


   Skills:
 + Level 12.6 Fighting
 + Level 13.6 Maces & Flails
 + Level 12.9 Armour
 + Level 11.5 Dodging
 + Level 12.7 Shields
 + Level 7.3 Invocations
 + Level 6.8 Evocations


You had 13 spell levels left.
You didn't know any spells.

Dungeon Overview and Level Annotations

Branches:
Dungeon (11/15)            Temple (1/1) D:5            Lair (8/8) D:8
 Shoals (0/4) Lair:6        Snake (0/4) Lair:5        Slime (0/6) Lair:6
    Orc (2/2) D:9             Elf (0/3) Orc:2

Altars:
Ashenzari
Cheibriados
Dithmenos
Elyvilon
Fedhas
Gozag
Kikubaaqudgha
Makhleb
Nemelex Xobeh
Okawaru
Pakellas
Qazlal
Ru
Sif Muna
Trog
Vehumet
Xom
Yredelemnul
Zin
The Shining One

Shops:
D:8 %   D:10 %   Orc:2 ?*

Annotations:
D:4 Gruesome's ghost, novice OpTm
D:7 exclusion: statue


Innate Abilities, Weirdness & Mutations

You reflexively headbutt those who attack you in melee.
You have a pair of horns on your head.


Message History

The chaos spawn misses you. The rust devil barely misses you.
The sun demon closely misses you.
Drink which item? (? for menu, Esc to quit)
A red film seems to cover your vision as you go berserk!
You feel yourself moving faster!
You feel mighty!
The orc knight hits you but does no damage.
The sun demon completely misses you. You furiously retaliate!
You headbutt the sun demon. You block the chaos spawn's attack.
You block the rust devil's attack. You block the orc high priest's attack.
You spit the orc high priest like a pig!!!
You kill the orc high priest!
Okawaru accepts your kill.
The chaos spawn degenerates into a cloud of primal chaos!
The rust devil disappears in a puff of smoke!
The sun demon disappears in a puff of smoke!
You block the orc knight's attack.
You barely miss the orc knight.
Your shield and plate armour prevent you from hitting the orc knight.
The orc knight hits you with a dire flail!!
You die...

#.....#........))[.........#..#..
..............#.#...........####.
...............####...##......###
.......#........# ##..###.#....#
................#####..###.##.##
...............###.###..#######
..............###)..###))##
.............###)#)#.###))##
.......<....###§@§#...###))##
...........###.o4###...###).##
..........###...## ##)).###..##
.........###...# ##.).)....##
...)....###...# ##)..#....##
.......###.#.# ##....#...#
...[[.## .... ##.....#.∩ .....##
... ##..#.... ......## ..
##.....#.∩


You could see an orc knight and a sixfirhy.

Vanquished Creatures
  Gastronok (D:10)
  Nessos (Lair:6)
  A minotaur (Lab)
  Fannar (D:10)
  An ice dragon (Lair:7)
  3 catoblepae (Lair:8)
  3 hydras
  Urug (Orc:1)
  12 death yaks
  2 orc high priests (Orc:2)
  The ghost of Sl000nik the Fighter, a novice GrFi (D:6)
  A hill giant (D:8)
  The ghost of ololoev the Thaumaturge, a novice DEFE of Vehumet (D:7)
  A necromancer (Lair:3)
  2 deep elf magi (Orc:1)
  3 orc sorcerers
  5 orc knights (Orc:2)
  4 griffons
  7 elephants (Lair:7)
  A rust devil (Orc:2)
  2 molten gargoyles (Lair:5)
  A smoke demon (Orc:2)
  6 komodo dragons
  3 spiny frogs
  3 rime drakes
  A red devil (Orc:2)
  A troll (Orc:1)
  2 two-headed ogres (D:10)
  10 blink frogs
  A boulder beetle (Lair:4)
  Sigmund (D:2)
  23 yaks
  A wyvern (D:8)
  Eustachio (D:5)
  2 basilisks
  A steam dragon (D:8)
  5 hippogriffs
  2 mottled dragons (D:11)
  Menkaure (D:4)
  A chaos spawn (Orc:2)
  3 nagas (Lair:5)
  8 wargs
  13 porcupines
  Duvessa (D:5)
  15 water moccasins
  31 orc warriors
  6 ice beasts
  4 sky beasts
  A black bear (Lair:4)
  A swamp drake (Orc:1)
  A wasp (D:10)
  4 centaurs
  3 phantoms
  12 wolves
  13 ogres
  14 crocodiles
  A big kobold (D:8)
  A wyvern zombie (D:6)
  17 giant frogs
  2 gnoll sergeants (D:8)
  Dowan (D:5)
  8 scorpions
  10 wights
  2 vampire bats (D:7)
  5 lava snakes (Lair:5)
  2 centaur zombies
  2 crimson imps
  3 hounds
  An iron imp (Orc:1)
  Crazy Yiuf (D:4)
  4 centaur skeletons
  32 orc priests
  A gnoll shaman (D:9)
  4 jellies
  20 orc wizards
  A giant frog skeleton (D:9)
  5 iguanas
  9 worker ants
  2 yak simulacra (Lair:3)
  3 polar bear simulacra (Lair:3)
  20 sheep
  2 killer bee zombies (D:5)
  A wolf simulacrum (Lair:3)
  3 hound skeletons
  2 worker ant zombies (D:7)
  16 gnolls
  50 river rats
  21 adders
  5 shadow imps
  4 white imps
  6 oozes
  An adder skeleton (D:7)
  3 worms
  5 dart slugs
  7 giant geckos
  88 orcs
  9 bats
  2 bat skeletons (D:7)
  2 bat zombies (D:7)
  4 giant cockroaches
  12 goblins
  10 hobgoblins
  22 jackals
  3 quokkas
  A ball python (D:3)
  A giant gecko skeleton (D:4)
  3 giant newts
  16 kobolds
  A quokka skeleton (D:5)
  A quokka zombie (D:6)
  11 rats
  5 river rat simulacra (Lair:3)
  4 fungi
  2 plants
730 creatures vanquished.

Vanquished Creatures (others)
  5 river rats (Lair:6)
  3 fungi
  12 plants
20 creatures vanquished.

Grand Total: 750 creatures vanquished

Notes
Turn   | Place    | Note
--------------------------------------------------------------
     0 | D:1      | mrath the Minotaur Fighter began the quest for the Orb.
     0 | D:1      | Reached XP level 1. HP: 19/19 MP: 0/0
    75 | D:1      | Reached skill level 3 in Maces & Flails
    80 | D:1      | Reached XP level 2. HP: 26/26 MP: 1/1
   288 | D:1      | Reached skill level 4 in Maces & Flails
   372 | D:1      | Reached XP level 3. HP: 31/31 MP: 2/2
  1034 | D:1      | Reached skill level 5 in Maces & Flails
  1182 | D:2      | Reached XP level 4. HP: 30/39 MP: 3/3
  1460 | D:2      | Reached skill level 6 in Maces & Flails
  1524 | D:2      | Noticed Sigmund
  1757 | D:2      | Reached XP level 5. HP: 44/45 MP: 4/4
  2049 | D:2      | Killed Sigmund
  2049 | D:2      | Reached skill level 1 in Dodging
  2049 | D:2      | Reached XP level 6. HP: 48/52 MP: 5/5
  3237 | D:4      | Found a shadowy altar of Dithmenos.
  3318 | D:4      | Reached skill level 7 in Maces & Flails
  3411 | D:4      | Noticed Menkaure
  3416 | D:4      | Killed Menkaure
  3416 | D:4      | Reached XP level 7. HP: 32/60 MP: 6/6
  3609 | D:4      | Reached skill level 5 in Armour
  3609 | D:4      | Reached skill level 5 in Shields
  3727 | D:4      | Noticed Gruesome's ghost (novice OpTm)
  4107 | D:4      | Reached skill level 5 in Fighting
  4594 | D:4      | Got a blackened hunting sling
  4614 | D:4      | Noticed Crazy Yiuf
  4621 | D:4      | Killed Crazy Yiuf
  4621 | D:4      | Reached XP level 8. HP: 48/69 MP: 7/7
  4967 | D:4      | Identified the cursed +1 hunting sling "Liuwneumao" {freeze, MR- Str+2 Int+2 Dex+4} (You found it on level 4 of the Dungeon)
  4972 | D:5      | Entered Level 5 of the Dungeon
  4992 | D:5      | Found a staircase to the Ecumenical Temple.
  4997 | D:5      | Noticed Dowan
  4998 | D:5      | Noticed Duvessa
  5001 | Temple   | Entered the Ecumenical Temple
  5033 | Temple   | Became a worshipper of Warmaster Okawaru
  5062 | D:5      | Killed Dowan
  5069 | D:5      | Killed Duvessa
  5815 | D:5      | Reached skill level 8 in Maces & Flails
  6020 | D:5      | Noticed Eustachio
  6037 | D:5      | Killed Eustachio
  6486 | D:6      | Found a white marble altar of Elyvilon.
  6501 | D:6      | Reached skill level 5 in Dodging
  6505 | D:6      | Reached * piety under Okawaru
  6585 | D:6      | Reached XP level 9. HP: 65/78 MP: 8/8
  6875 | D:6      | Noticed Sl000nik's ghost (novice GrFi)
  7938 | D:7      | Noticed ololoev's ghost (novice DEFE)
  7943 | D:7      | Killed ololoev's ghost
  7946 | D:7      | Reached skill level 9 in Maces & Flails
  8115 | D:7      | Found an ancient bone altar of Kikubaaqudgha.
  8265 | D:7      | Found a sparkling altar of Nemelex Xobeh.
  8348 | D:7      | Reached ** piety under Okawaru
  8626 | D:7      | Got a scorched hand axe
  8673 | D:7      | Identified the +2 hand axe "Oraj" {antimagic, MR+} (You found it on level 7 of the Dungeon)
  8823 | D:7      | Found a radiant altar of Vehumet.
  9115 | D:7      | Reached XP level 10. HP: 87/88 MP: 9/9
  9305 | D:8      | Found a shattered altar of Ashenzari.
  9305 | D:8      | Found a burning altar of Makhleb.
  9553 | D:8      | Noticed a hill giant
  9584 | D:8      | Killed a hill giant
  9584 | D:8      | Reached *** piety under Okawaru
  9599 | D:8      | Reached skill level 10 in Maces & Flails
 10329 | D:8      | Reached **** piety under Okawaru
 10844 | D:8      | Found a staircase to the Lair.
 10948 | D:8      | Found Diurhem's Food Shop.
 11164 | D:9      | Found a staircase to the Orcish Mines.
 11643 | D:10     | Entered Level 10 of the Dungeon
 11643 | D:10     | Found Kuss's Food Boutique.
 11660 | D:10     | Reached XP level 11. HP: 97/97 MP: 7/10
 11866 | D:10     | Noticed Gastronok
 11876 | D:10     | Reached ***** piety under Okawaru
 11894 | D:10     | Killed Gastronok
 11894 | D:10     | Reached skill level 11 in Maces & Flails
 11894 | D:10     | Reached skill level 1 in Invocations
 11894 | D:10     | Reached skill level 1 in Evocations
 12077 | D:10     | Noticed Fannar
 12104 | D:10     | Reached skill level 10 in Armour
 12104 | D:10     | Reached skill level 10 in Shields
 12754 | D:10     | Killed Fannar
 12754 | D:10     | Reached skill level 10 in Fighting
 13375 | D:11     | Noticed a six-headed hydra
 13608 | Lair:1   | Entered Level 1 of the Lair of Beasts
 13675 | Lair:1   | Noticed a four-headed hydra
 13687 | Lair:1   | Killed a four-headed hydra
 13978 | Lair:1   | Received a gift from Okawaru
 14393 | Lair:2   | Reached XP level 12. HP: 79/106 MP: 9/13
 15202 | D:6      | Killed Sl000nik's ghost
 16129 | Lair:3   | Noticed a six-headed hydra
 16137 | Lair:3   | Killed a six-headed hydra
 16137 | Lair:3   | Reached skill level 12 in Maces & Flails
 17093 | Lair:4   | Noticed a four-headed hydra
 17138 | Lair:4   | Killed a four-headed hydra
 17360 | Lair:4   | Received a gift from Okawaru
 18336 | Lair:5   | Found a staircase to the Snake Pit.
 18947 | Lair:5   | Reached skill level 5 in Invocations
 19154 | Lair:5   | Reached skill level 10 in Dodging
 19154 | Lair:5   | Reached XP level 13. HP: 115/116 MP: 13/15
 19647 | Lair:6   | Noticed Nessos
 19664 | Lair:6   | Killed Nessos
 19679 | Lair:6   | Found a staircase to the Shoals.
 19700 | Lair:6   | Got an encrusted falchion
 19717 | Lair:6   | Found a staircase to the Slime Pits.
 20215 | Lair:7   | Reached skill level 5 in Evocations
 20313 | Lair:7   | Received a gift from Okawaru
 20557 | Lair:7   | Found a bloodstained altar of Trog.
 21707 | Lair:8   | Entered Level 8 of the Lair of Beasts
 21888 | Lair:8   | Found a labyrinth entrance.
 21942 | Lab      | Entered a labyrinth
 22138 | Lab      | Noticed a minotaur
 22147 | Lab      | Killed a minotaur
 22155 | Lab      | Got a heavily runed jade amulet
 22208 | Lab      | Identified the amulet of Incredulity {Inacc rElec} (You found it in a labyrinth)
 23048 | Lair:8   | Reached skill level 13 in Maces & Flails
 23741 | Lair:8   | Reached XP level 14. HP: 115/126 MP: 9/18
 23834 | Lair:8   | Got a twitching bone ring
 23998 | Lair:8   | Identified the ring "Oxkemma Meuph" {rPois Dex+4} (You found it on level 8 of the Lair of Beasts)
 24233 | Orc:1    | Entered Level 1 of the Orcish Mines
 24289 | Orc:1    | Noticed Urug
 24309 | Orc:1    | Killed Urug
 24405 | Orc:1    | Paralysed by an orc sorcerer for 4 turns
 24546 | Orc:2    | Entered Level 2 of the Orcish Mines
 24603 | Orc:2    | Found a staircase to the Elven Halls.
 25251 | Orc:1    | Got a faintly humming hat
 25260 | Orc:1    | Identified the cursed +0 hat "Waeriuxy" {+Fly} (You found it on level 1 of the Orcish Mines)
 25356 | Orc:2    | Received a gift from Okawaru
 25365 | Orc:2    | Got a twisted cloak {god gift}
 25385 | Orc:1    | Identified the +1 cloak of Spite {rF+} (Okawaru gifted it to you on level 2 of the Orcish Mines)
 26073 | Orc:2    | Found Ingioc's Magic Scroll Shop.
 26208 | Orc:2    | Found Isiv's General Store.
 26293 | Orc:2    | Bought a scroll of identify for 22 gold pieces
 26537 | Orc:2    | Slain by an orc knight

Vault maps used:
D:1:      kennysheep_arrival_seaside, kennysheep_boxes
D:2:      first_bread, uniq_sigmund
D:4:      old_forge, grunt_dithmenos_smoke, uniq_crazy_yiuf_cottage,
          uniq_menkaure
D:5:      minmay_temple_entry_crystal_x, guppyfry_early_orc_mine,
          uniq_eustachio, uniq_duvessa
D:6:      minmay_gold_behind_fungi, elyvilon_altar_5
D:7:      kennysheep_vampire_church, vehumet_statue, nemelex_dance_club_becter
D:8:      minmay_opposing_rooms, amethyst_overflow_temple_binary, lair_0_dummy,
          serial_shops, kennysheep_mini_moat
D:9:      david_orc_2
D:10:     serial_shops, shop, uniq_gastronok, uniq_fannar
D:11:     hangedman_tell_no_tales, kennysheep_generic_room_12
Temple:   lightli_temple_of_artemis
Lair:2:   st_stairs_9, nicolae_quartered_pool_little
Lair:3:   eino_house_with_fridge
Lair:5:   cheibrodos_magma_flow, guppyfry_snake_entry_garden
Lair:6:   shoals_dummy_entry, nicolae_slime_entry_slimehenge, uniq_nessos
Lair:7:   basic_altar, minivault_19, bobbens_ice_dragon_lair
Lair:8:   evilmike_catoblepas_cave, lab_entry_generic, pond
Orc:1:    hangedman_minor_magic, uniq_urug
Orc:2:    pf_orc_diabolical

Skill      XL: |  1  2  3  4  5  6  7  8  9 10 11 12 13 14 |
---------------+-------------------------------------------+-----
Maces & Flails | 3 4 5 6 7 8 9 10 11 12 13 | 13.6
Fighting       | 4 5 6 8 9 10 11 12 | 12.6
Armour         | 4 5 6 8 9 10 11 12 | 12.9
Dodging        | 1 2 3 5 6 7 8 10 11 | 11.5
Shields        | 4 5 6 8 9 10 11 12 | 12.7
Invocations    | 3 5 6 7 |  7.3
Evocations     | 3 4 6 |  6.8

Action                   |  1- 3 |  4- 6 |  7- 9 | 10-12 | 13-15 || total
-------------------------+-------+-------+-------+-------+-------++-------
Melee: Flail             |   123 |   150 |   372 |  1135 |   715 ||  2495
       Headbutt          |    18 |    29 |   110 |   261 |   277 ||   695
       Morningstar       |       |       |   157 |       |   291 ||   448
Throw: Stone             |       |     5 |     7 |       |       ||    12
       Tomahawk          |       |       |       |     3 |       ||     3
       Javelin           |       |       |       |       |     3 ||     3
Invok: Heroism           |       |       |     6 |    22 |    24 ||    52
       Finesse           |       |       |       |     6 |     9 ||    15
  Use: Potion            |       |     1 |       |       |     1 ||     2
       Scroll            |       |       |     4 |     5 |    15 ||    24
  Eat: Chunk             |     1 |     7 |    18 |    31 |    25 ||    82
       Beef jerky        |       |       |     1 |     1 |       ||     2
       Fruit             |       |       |       |     1 |     3 ||     4
       Pizza             |       |       |       |     1 |       ||     1
Armor: Scale mail        |    53 |    52 |    53 |       |       ||   158
       Chain mail        |       |       |   169 |   160 |       ||   329
       Plate armour      |       |       |       |   223 |   264 ||   487
Dodge: Dodged            |    26 |    56 |   155 |   338 |   355 ||   930
Block: Shield            |    63 |    85 |   273 |   601 |   580 ||  1602
